Unix NetHack Version 5.0.0-0 post-release - last build May 31 2026 23:59:36 (970b52f25bf058293b47ddfd14a1e40e571c508c,branch:main).

Game began 2026-06-09 17:25:17, ended 2026-06-09 21:48:59.

ARFwashere, lawful male dwarven Archeologist

                -----------
                |.........|
               #+.........|
               #|.........-
   --------    #|..{......|
   |.......# ###|.........|
   |......|###  |....)....|
   |......-###  -------|---
   ---.----  #        ##
      #      ###      #
      #        ##     #
      ##              #
       #             -+---
       ##            |...|
 -------&-------     |...|
 |.....@.......|     |...|#
 |.<......f....|     |....#
 |.............|     -----
 ---------------

ARFwashere the Investigator  St:25 Dx:11 Co:16 In:15 Wi:16 Ch:10  Lawful
Dlvl:9  $:1621 HP:0(68) Pw:42(42) AC:3  Xp:8 T:7883 

Latest messages:
 The door closes.
 You hear a door open.
 In what direction? j
 The door closes.
 The ice devil opens a door.
 In what direction? n
 In what direction? l
 The door resists!
 In what direction? l
 The door closes.
 You hear some noises in the distance.
 You hit the leocrotta!
 The leocrotta hits!
 The leocrotta bites!
 The leocrotta hits!
 You kill the leocrotta!
 You see here a leocrotta corpse.
 There is a leocrotta corpse here; eat it? [ynq] (n) y
 Blecch!  Rotten food!
 The world spins and goes dark.
 You are conscious again.
 There is a partly eaten leocrotta corpse here; eat it? [ynq] (n) y
 You resume your meal.
 You hear some noises in the distance.
 You hear some noises in the distance.
 You finish eating the leocrotta corpse.
 Pick a monster, object or location.
 &        a major demon (water demon) [seen: normal vision, infravision]
 You hear some noises in the distance.
 You miss the water demon.
 The water demon thrusts her dwarvish spear.
 The water demon hits!
 The water demon hits!
 The water demon bites!
 The water demon thrusts her dwarvish spear.
 The water demon hits!
 The water demon hits!
 The water demon bites!
 What do you want to zap? [motEFRS or ?*] ?
 In what direction? .
 You are suddenly moving much faster.
 The water demon thrusts her dwarvish spear.
 The water demon hits!
 The water demon hits!
 You die...
 Do you want your possessions identified? [ynq] (y) y
 Do you want to see your attributes? [ynq] (y) n
 Do you want an account of creatures vanquished? [ynaq] (y) n
 Do you want to see your conduct and achievements? [ynq] (y) n
 Do you want to see the dungeon overview? [ynq] (y) n

Inventory:
 Coins    ('$')
  $ - 1621 gold pieces
 Weapons  (')')
  U - 5 +0 darts (at the ready)
  s - 14 cursed -1 darts
  a - a +2 bullwhip
  e - a +0 dwarvish mattock (weapon in hands)
 Armor    ('[')
  W - an uncursed +0 cornuthaum
  c - an uncursed +0 fedora (being worn)
  r - an uncursed +0 pair of gauntlets of power (being worn)
  H - an uncursed +0 pair of low boots (being worn)
  u - an uncursed +0 dwarvish cloak (being worn)
  w - an uncursed +0 Hawaiian shirt with a plumeria motif (being worn)
  q - an uncursed +0 elven mithril-coat (being worn)
 Comestibles  ('%')
  G - an uncursed cram ration
  d - 2 uncursed food rations
  M - an uncursed tripe ration
  h - a cursed tripe ration
  D - an uncursed tin of spinach
  O - 3 uncursed lizard corpses
 Scrolls  ('?')
  j - an uncursed scroll of amnesia
  v - 2 uncursed scrolls of blank paper
  k - a cursed scroll of confuse monster
  P - an uncursed scroll of enchant weapon
  x - an uncursed scroll of food detection
  N - a blessed scroll of identify
  C - 2 uncursed scrolls of identify
  b - an uncursed scroll of light
  p - a cursed scroll of magic mapping
 Spellbooks  ('+')
  Z - an uncursed spellbook of finger of death
  V - an uncursed spellbook of jumping
 Potions  ('!')
  K - 2 uncursed potions of healing
  J - an uncursed potion of oil
  I - an uncursed potion of see invisible
  B - an uncursed potion of water
 Rings    ('=')
  l - an uncursed ring of conflict
  Q - a cursed ring of polymorph
  z - an uncursed ring of stealth
 Wands    ('/')
  m - a wand of digging (0:7)
  R - a wand of digging (0:6)
  S - a wand of digging (0:5)
  o - a wand of make invisible (0:4)
  t - a wand of nothing (0:4)
  F - a wand of speed monster (0:2)
  E - a wand of striking (0:5)
 Tools    ('(')
  i - an empty uncursed sack
  A - an uncursed tallow candle
  y - a cursed tallow candle
  f - a tinning kit (0:61)
 Gems/Stones  ('*')
  T - an uncursed agate stone
  Y - an uncursed aquamarine stone
  n - an uncursed black opal
  L - 2 uncursed jade stones
  g - an uncursed touchstone

ARFwashere the Archeologist's attributes:

Background:
 You were an Investigator, a level 8 male dwarven Archeologist.
 You were lawful, on a mission for Quetzalcoatl
 who was opposed by Camaxtli (neutral) and Huhetotl (chaotic).
 You were right-handed.
 You were in the Dungeons of Doom, on level 9.
 You entered the dungeon 7883 turns ago.
 You had 1369 experience points, 1191 more were needed to attain level 9.

Basics:
 You had 0 out of 68 hit points.
 You had all 42 energy points (spell power).
 Your armor class was 3.
 Your wallet contained 1621 zorkmids.
 Autopickup was on for '$' plus thrown.

Final Characteristics:
 Your strength was 25 (base:8, peak:10, innate limit:18/100).
 Your dexterity was 11 (limit:20).
 Your constitution was 16 (limit:20).
 Your intelligence was 15 (limit:16).
 Your wisdom was 16 (limit:16).
 Your charisma was 10 (limit:16).

Final Status:
 You weren't hungry.
 You were unencumbered.
 You were wielding a mattock.
 You were skilled in pick-axe.

Final Attributes:
 You were piously aligned.
 Your items were somewhat protected from fire.
 Your items were somewhat protected from cold.
 You were poison resistant.
 You had automatic searching.
 You had infravision.
 You were stealthy.
 You were guarded.
 You were very fast.
 You were lucky.
 You are dead.

Miscellaneous:
 You encountered 2 bones levels.
 Total elapsed playing time was 2 hours, 29 minutes and 41 seconds.

Major events:
 Turn
    1: ARFwashere the lawful male dwarven Archeologist entered the dungeon
  485: attained the rank of Field Worker (level 3)
 2433: consulted the Oracle
 2433: attained the rank of Investigator (level 6)
 3582: entered the Gnomish Mines
 4942: reached Mine Town
 7212: entered Sokoban
 7883: killed by a water demon

You didn't know any spells.

Skills:
 Fighting Skills
   bare handed combat [Unskilled]
   two weapon combat  [Unskilled]
   riding             [Unskilled]
 Weapon Skills
   dagger             [Unskilled]
   knife              [Unskilled]
   pick-axe           [Skilled]
   short sword        [Unskilled]
   saber              [Unskilled]
   club               [Unskilled]
   quarterstaff       [Unskilled]
   sling              [Unskilled]
   dart               [Unskilled]
   boomerang          [Unskilled]
   whip               [Basic]
   unicorn horn       [Unskilled]
 Spellcasting Skills
   attack spells      [Unskilled]
   healing spells     [Unskilled]
   divination spells  [Unskilled]
   matter spells      [Unskilled]

Voluntary challenges:
 Character rerolling was not enabled.
 You never genocided any monsters.
 You never polymorphed an object.
 You never changed form.
 You used no wishes.
 You did not violate any of the special Sokoban rules.
Achievements:
 You attained the rank of Field Worker.
 You entered a shop.
 You consulted the Oracle of Delphi.
 You attained the rank of Investigator.
 You entered the Gnomish Mines.
 You entered Minetown.
 You entered a temple.
 You entered Sokoban.

 The Dungeons of Doom: levels 1 to 9
    Level 1:
    Level 2:
       Some fountains.
    Level 3:
       A potion shop, a fountain, a grave.
    Level 4:
       An altar, a fountain, a sink.
       Stairs down to The Gnomish Mines.
    Level 5:
       A fountain.
    Level 6:
       Many fountains.
       Oracle of Delphi.
    Level 7:
       A fountain.
       Stairs up to Sokoban, level 6.
    Level 8:
       A fountain.
    Level 9: <- You were here.
       A fountain.
       Final resting place for
          you, killed by a water demon,
          Trystero-Val-Dwa-Fem-Law, killed by a water demon.
 The Gnomish Mines: levels 5 to 9
    Level 5:
    Level 6:
    Level 7:
       Many shops, a temple and an altar, a fountain.
    Level 8:
       Final resting place for
          Stef75-Rog-Hum-Mal-Cha, killed by a gnome, while sleeping.
    Level 9:
 Sokoban:
    Level 6:
       Unsolved.


Vanquished creatures:
  2 small mimics
  a tengu
  a leocrotta
  3 watchmen
  2 winter wolf cubs
  a leprechaun
  a horse
 an ogre
  3 lizards
  a dog
  a blue jelly
  a Woodland-elf
  a quasit
  a mountain nymph
  4 Mordor orcs
  6 Uruk-hai
  3 fog clouds
  3 yellow lights
  2 shriekers
  a violet fungus
  3 gnome leaders
  a gnomish wizard
  a ghoul
  a paper golem
  5 giant ants
  a little dog
  7 floating eyes
  a dwarf
  2 homunculi
  3 hill orcs
  6 rothes
  3 centipedes
  a giant bat
  4 dwarf zombies
  4 iguanas
  7 killer bees
  3 acid blobs
  3 coyotes
  2 hobbits
  2 manes
  a hobgoblin
  a giant rat
  a cave spider
  2 brown molds
  a yellow mold
 20 gnomes
  8 garter snakes
  3 gnome zombies
 10 geckos
  8 jackals
  3 goblins
  a sewer rat
 10 grid bugs
  a bat
  4 lichens
  a kobold zombie
  6 newts
180 creatures vanquished.

No species were genocided or became extinct.

Game over:
                       ----------
                      /          \
                     /    REST    \
                    /      IN      \
                   /     PEACE      \
                  /                  \
                  |    ARFwashere    |
                  |     1621 Au      |
                  |   killed by a    |
                  |   water demon    |
                  |                  |
                  |                  |
                  |       2026       |
                 *|     *  *  *      | *
        _________)/\\_//(\/(/\)/\//\/|_)_______

Goodbye ARFwashere the Archeologist...

You died in The Dungeons of Doom on dungeon level 9 with 7390 points,
and 1621 pieces of gold, after 7883 moves.
You were level 8 with a maximum of 68 hit points when you died.

